AoeStats
← BottleDry

Highland

506255526Analyzed
3v3 RM · 20d ago on Sep 12, 2026· 27m 0s· 6 players
Game mode
Random Map
Map size
Normal (6 player)
Population
200
Speed
Normal
Resources
Standard
Victory
Conquest
Starting age
Dark Age
Ending age
Imperial Age
RankedLock teamsTeams togetherTeam positionsShared explorationLock speedFull tech treeHidden civsTurbo modeCheats
Victory
Defeat
🇦🇷 Dravidians · Argentina
1057
+14
🇺🇸 Vikings · United States
1054
+14
1023
+15
🇺🇸 Teutons · United States
1120
-18
🇺🇸 Saracens · United States
1020
-15
🇺🇸 Japanese · United States
890
-10
BigPharmA
4:14 Loom
11:22 Feudal Age
12:48 Gold Mining
14:21 Double-Bit Axe
14:42 Fishing Lines
17:34 Forging
17:15 Fletching
18:58 Horse Collar
23:36 Castle Age
22:10 Stone Mining
25:10 Gold Shaft Mining
24:58 Medium Warships
25:50 Bodkin Arrow
26:46 Ballistics
28:04 Iron Casting
Chat ban 4 hate speech(mod=gey)
2:04 Loom
12:08 Feudal Age
17:51 Castle Age
16:26 Stone Mining
19:27 Fishing Lines
20:09 Forging
20:48 Squires
20:34 Arson
21:53 Double-Bit Axe
LuisBrowns34
7:17 Loom
10:11 Feudal Age
10:43 Double-Bit Axe
10:48 Town Watch
10:58 Gold Mining
12:04 Fishing Lines
12:24 Horse Collar
21:04 Castle Age
19:41 Padded Archer Armor
19:39 Fletching
21:29 Stone Mining
21:58 Bow Saw
22:57 Medium Warships
23:06 Gillnets
27:34 Wheelbarrow
5WhiskeyTango
1:28 Loom
12:32 Feudal Age
15:24 Double-Bit Axe
18:19 Fletching
23:22 Castle Age
22:09 Gold Mining
24:44 Bow Saw
Age_noob
4:58 Loom
11:14 Feudal Age
12:28 Double-Bit Axe
18:55 Castle Age
17:09 Horse Collar
20:32 Wheelbarrow
20:31 Gold Mining
22:10 Town Watch
BottleDry
10:47 Feudal Age
11:04 Man-at-Arms
11:41 Loom
11:51 Double-Bit Axe
12:25 Horse Collar
18:03 Scale Mail Armor
18:14 Forging
21:23 Castle Age
20:16 Stone Mining
20:57 Fletching
22:17 Forging
22:16 Bodkin Arrow
22:41 Heavy Plow
23:46 Gambesons
Connection lost

Rejoining the realm…

Still unreachable

The connection could not be restored.

Session expired

The server has moved on; the page needs a fresh start.